badnik, neutral male scurrid Ranger }}}}}}}}}}}}}}}}}}}}}}}}}}} }}}}}}}}}}}}}}}}}}}}}} }}}}}}}}}}}}}}}}}}}}}} }}}}}}}}}}}}.}}}} }}}}}}}}}}}}}}}} }}}}}}}}.}}}. }}}..}}}}..#<}}}}}}.. #..}}}}}...}}} #......}}}}.I# #.}}}}.I...} }}}}}}}}}}#.}}}}}} .}}}}}}}}}}}}}} }}}# }}}}} }..}}}}}}}}}.}}}}}} }}}} }}}}}}} #}}}}}}}}}}`....}}}}}} }}# # }...}} ..}}}}}}}}}}}.#.!.}}}}} .# # ...}}}} }}}}}....}}}}}}}. .}}.}}}}} } # .}}}}}.# }}}}}}}}}}. #..}}}} }}}}}}}}.. }. # }}.... }.}..}}}}}}} #.....}} }}}}}}}..#.} # .}}}}}. #.}...}.. #.#.}} }}.}}}}}}} .. *}..# }..}}}.. }} }}...}}}}}} }} # }}}}}..} .}} }}}.#..}}}}} }} }}}}}} }}} }}}}} }.}}}}}} }}} }}}} }}}} }}}}}} }}}}}}}} }}} badnik the Tenderfoot Experience level: 1 Strength: 15 Dexterity: 10 Constitution: 14 Intelligence: 13 Wisdom: 13 Charisma: 9 Health: 0(14) Energy: 2(2) Def: 3 Gold: 221 Moves: 120 Dungeon seed: 2vOK0kE3eueldEgi Game ID: badnik_1498610882 Your Inventory: Coins $ - 221 gold pieces Weapons b - 33 uncursed +2 darts c - 19 uncursed +0 darts Armor e - an uncursed +2 cloak of displacement (being worn) Comestibles d - 4 uncursed chestnuts Potions i - an uncursed potion of gain level Wands f - an uncursed wand of slow monster (0:3) g - an uncursed wand of digging (0:5) h - an uncursed wand of striking (0:7) Spells and supernatural/magical abilities: Name Level Category Fail Memory W - pray for help -- divine ? -- Your skills at the end: Miscellaneous Skills wands [Basic] Weapon Skills dart [Basic] Spellcasting Skills Final Attributes: You were devoutly aligned. You were blinded. You had automatic searching. You had infravision. You were displaced. You were very stealthy. You are dead. Voluntary challenges: You went without food. You did not adorn yourself with jewelry or accessories. You did not cause conflict. You were not invisible. You did not have reflection. You were an atheist. You never hit with a wielded weapon. You were a pacifist. You did not use tools. You did not use plumbed fixtures. You did not drink any magical draughts. You were illiterate. You never genocided any monsters. You never polymorphed an object. You never changed form. You used no wishes. You never split a pudding. You never wrote Elbereth's name. You never violated your personal moral code. Dungeon overview: The Dungeons of Doom: levels 1 to 21 Level 1 a long staircase Level 2 Level 3 a sink Level 4 Level 5 Level 6 Level 7 Level 8 Level 9 Level 10 Level 11 Level 12 Level 13 Level 14 Level 15 Level 16 Level 17 Level 18 Level 19 Level 20 Level 21 <- You were here many trees History has recorded: On T:1 you entered the Dungeons of Doom to retrieve the Amulet of Yendor! On T:11 you reached level 3 of The Dungeons of Doom. On T:15 you reached level 4 of The Dungeons of Doom. On T:25 you reached level 5 of The Dungeons of Doom. On T:29 you reached level 6 of The Dungeons of Doom. On T:33 you reached level 7 of The Dungeons of Doom. On T:38 you reached level 8 of The Dungeons of Doom. On T:43 you reached level 9 of The Dungeons of Doom. On T:47 you reached level 10 of The Dungeons of Doom. On T:58 you reached level 11 of The Dungeons of Doom. On T:63 you reached level 12 of The Dungeons of Doom. On T:67 you reached level 13 of The Dungeons of Doom. On T:71 you reached level 14 of The Dungeons of Doom. On T:76 you reached level 15 of The Dungeons of Doom. On T:76 you entered the Rogue tribute level. On T:88 you reached level 16 of The Dungeons of Doom. On T:93 you reached level 17 of The Dungeons of Doom. On T:97 you reached level 18 of The Dungeons of Doom. On T:103 you reached level 19 of The Dungeons of Doom. On T:108 you reached level 20 of The Dungeons of Doom. On T:120 you reached level 21 of The Dungeons of Doom. Score breakdown: Gold: 221 ( 22 points) Experience: 1 level ( 0 points) Exploration: 21 levels ( 600 points) Discoveries: 3 items ( 150 points) Variety of kills: 0 monsters ( 0 points) Major goal: (nothing yet) ( 0 points) Survival: died (score multiplied by 3) Total score: 2316 Latest messages: You attack thin air. You bash the wall. Ouch! That hurts! You bash the wall. Ouch! That hurts! You attack thin air. You attack thin air. You start digging downward. You continue digging downward. You dig a pit in the floor. You are still in a pit. You continue digging downward. You dig a hole through the floor. You fall through... The raven pecks! The raven blinds you! Something pecks! (2x) You die... Final status: Goodbye badnik the Ranger, killed by a raven... You died in The Dungeons of Doom on dungeon level 21 with 2316 points, and 221 pieces of gold, after 120 moves. You were level 1 with a maximum of 14 hit points when you died.